 Dungeon Crawl Stone Soup version 0.22.1-2-g9c5b331 (webtiles) character file.

23 Matador8 the Insei (level 3, 0/26 HPs)
             Began as a Merfolk Transmuter on Dec 19, 2018.
             Succumbed to an adder's poison
             ... on level 2 of the Dungeon.
             The game lasted 00:06:36 (1346 turns).

Matador8 the Insei (Merfolk Transmuter)             Turns: 1346, Time: 00:06:37

Health: 0/26       AC:  2    Str: 11    XL:     3   Next: 0%
Magic:  4/6        EV: 13    Int: 12    God:
Gold:   127        SH:  0    Dex: 14    Spells: 3/6 levels left

rFire    . . .     SeeInvis .     - Unarmed
rCold    . . .     Gourm    .   (no shield)
rNeg     . . .     Faith    .   b - +0 robe
rPois    .         Spirit   .   (no helmet)
rElec    .         Reflect  .   (no cloak)
rCorr    .         Harm     .   (no gloves)
MR       .....                  (no boots)
Stlth    +.........             (no amulet)
HPRegen  0.08/turn              (no ring)
MPRegen  0.10/turn              (no ring)

@: lethally poisoned (0 -> -18)
A: change form in water, swift swim, stealthy swim
a: no special abilities


You were on level 2 of the Dungeon.
You were hungry.

You visited 1 branch of the dungeon, and saw 2 of its levels.

You collected 127 gold pieces.

Inventory:

Missiles
 a - 61 arrows
Armour
 b - a +0 robe (worn)
 c - a cursed -1 chain mail
Scrolls
 j - 4 scrolls of enchant armour {unknown}
 l - 2 scrolls of identify {unknown}
 m - 2 scrolls of remove curse {unknown}
 p - a scroll of blinking {unknown}
 r - a scroll of enchant weapon {unknown}
 s - a scroll of teleportation {unknown}
Potions
 e - a potion of berserk rage {unknown}
 f - a potion of flight {unknown}
 g - a potion of mutation {unknown}
 h - a potion of agility {unknown}
 i - a potion of invisibility {unknown}
 k - a potion of ambrosia {unknown}
 o - 2 potions of degeneration {unknown}
 q - a potion of heal wounds {unknown}
Comestibles
 d - 5 rations
 n - 4 chunks of flesh


   Skills:
 - Level 1.1 Fighting
 - Level 2.6 Dodging
 + Level 3.9 Unarmed Combat
 - Level 2.0 Spellcasting
 + Level 3.7 Transmutations


You had 3 spell levels left.
You knew the following spells:

 Your Spells              Type           Power        Failure   Level  Hunger
a - Beastly Appendage     Tmut           ##....       6%          1    ##.....
b - Sticks to Snakes      Tmut           ##......     9%          2    ###....

Your spell library contained the following spells:

 Spells                   Type           Power        Failure   Level  Hunger
 Spider Form              Tmut/Pois      #.........   36%         3    ####...
 Ice Form                 Ice/Tmut       #.......     77%         4    #####..
 Blade Hands              Tmut           ##........   86%         5    ######.


Dungeon Overview and Level Annotations

Branches:
Dungeon (2/15)

Altars:


Message History

The adder poisons you!
You are feeling hungry.
You barely miss the adder.
You feel sick. The adder closely misses you.
You closely miss the adder. The adder bites you but does no damage.
The adder bites you.
You are more poisoned.
The adder poisons you!
You miss the adder.
You feel sick. The adder bites you.
You closely miss the adder.
You feel sick. The adder bites you.
Casting: Beastly Appendage (safe; 6% risk of failure)
Confirm with . or Enter, or press ? or * to list all spells.
You create a snake!
You now have 61 arrows.
You feel sick. The adder bites you.
* * * LOW HITPOINT WARNING * * *
You are more poisoned.
The adder poisons you!
* * * LOW HITPOINT WARNING * * *
You feel sick. The adder bites you.
* * * LOW HITPOINT WARNING * * *
You swap places.
You die...

#........#.......... #.#
#........#....###### ##
#.# ####.....#....# .##
#.# #........#....# ..#
#.# #.##.....#.######
#.######.#
#.##..............
.......#.#
#.##....##.#######
.......#.#####.#......#.#
................@####.#.#
.......#.#######S# .#.#
.......#'#######S# .#.#
..............##.# #.#
##......).....##.# .#
..............##.#
....####.........# ....#
#..######## . #..#


You could see an adder and a friendly adder.

Vanquished Creatures
  A leopard gecko (D:1)
  A giant cockroach (D:1)
  4 goblins
  5 hobgoblins
  A quokka (D:2)
  A ball python (D:2)
  A bat (D:1)
  2 frilled lizards (D:1)
  4 kobolds
  3 rats (D:1)
23 creatures vanquished.

Notes
Turn   | Place    | Note
-------+----------+-------------------------------------------
     0 | D:1      | Matador8 the Merfolk Transmuter began the quest for the
                  | Orb.
     0 | D:1      | Reached XP level 1. HP: 15/15 MP: 3/3
   230 | D:1      | Reached XP level 2. HP: 9/21 MP: 3/5
   255 | D:1      | Learned a level 2 spell: Sticks to Snakes
  1293 | D:2      | Reached XP level 3. HP: 20/26 MP: 6/6
  1345 | D:2      | HP: 1/26 [adder (1)]
  1346 | D:2      | Succumbed to an adder's poison

Skill      XL: |  1 |
---------------+----+-----
Transmutations | 3 |  3.7
Fighting       | |  1.1
Dodging        | |  2.6
Unarmed Combat | |  3.9
Spellcasting   | |  2.0

Action                   || total
-------------------------++-------
Melee: Unarmed           ||    65
       Headbutt          ||     5
       Punch             ||     1
 Cast: Beastly Appendage ||     5
       Sticks to Snakes  ||     2
 Stab: Sleeping          ||     2
  Eat: Chunk             ||     1
Armor: Robe              ||     8
Dodge: Dodged            ||    33
